AoeStats
← ROKETSAN YeniCeri

Black Forest

505529393Analyzed
2v2 RM · 21d ago on Sep 9, 2026· 86m 26s· 4 players
Game mode
Random Map
Map size
Medium (4 player)
Population
200
Speed
Normal
Resources
Standard
Victory
Conquest
Starting age
Dark Age
Ending age
Imperial Age
RankedLock teamsTeams togetherTeam positionsShared explorationLock speedFull tech treeHidden civsTurbo modeCheats
Victory
Defeat
🇩🇪 Turks · Germany
854
+10
🇦🇿 Persians · Azerbaijan
783
+11
🇮🇹 Romans · Italy
710
-11
🇮🇹 Burgundians · Italy
692
-10
trn25
0:31 Loom
10:56 Feudal Age
11:24 Double-Bit Axe
12:48 Wheelbarrow
14:59 Gold Mining
14:51 Horse Collar
19:43 Castle Age
18:23 Stone Mining
20:30 Bow Saw
20:23 Heavy Plow
21:01 Gold Shaft Mining
21:19 Hand Cart
23:49 Stone Shaft Mining
28:56 Imperial Age
27:18 Scale Barding Armor
27:23 Forging
28:28 Chain Barding Armor
29:03 Husbandry
29:35 Cavalier
31:16 Iron Casting
32:24 Conscription
33:55 Two-Man Saw
39:41 Crossbowman
40:27 Thumb Ring
41:54 Savar
44:36 Padded Archer Armor
44:34 Fletching
45:20 Plate Barding Armor
50:20 Leather Archer Armor
50:01 Bodkin Arrow
50:14 Town Watch
50:48 Kamandaran
51:20 Crop Rotation
53:35 Ring Archer Armor
60:19 Blast Furnace
60:12 Onager
73:03 Light Cavalry
73:57 Bloodlines
76:50 Hussar
78:58 Scale Mail Armor
80:02 Chemistry
78:55 Heated Shot
79:16 Masonry
79:28 Ballistics
ROKETSAN YeniCeri
1:32 Loom
13:52 Feudal Age
19:13 Castle Age
51:11 Imperial Age
48:45 Horse Collar
54:21 Bombard Tower
54:54 Sanctity
54:41 Heavy Plow
58:26 Fletching
58:57 Artillery
61:51 Bodkin Arrow
62:30 Ballistics
72:56 Bracer
78:06 Caravan
sirmallius
2:15 Loom
13:04 Feudal Age
17:20 Castle Age
16:47 Double-Bit Axe
16:55 Stone Mining
18:08 Gold Mining
19:44 Bow Saw
21:07 Gold Shaft Mining
21:54 Horse Collar
22:39 Heavy Plow
25:54 Scale Mail Armor
26:05 Forging
25:37 Pikeman
26:52 Squires
30:48 Chain Mail Armor
46:01 Imperial Age
46:14 Halberdier
46:43 Heavy Scorpion
49:52 Iron Casting
51:58 Chemistry
55:16 Blast Furnace
55:32 Ballistics
76:55 Cavalier
77:36 Husbandry
77:59 Caravan
82:01 Scale Barding Armor
Cuordipallone
1:27 Loom
13:43 Feudal Age
15:49 Horse Collar
15:57 Double-Bit Axe
17:55 Bow Saw
17:48 Heavy Plow
19:48 Gold Mining
22:08 Castle Age
23:04 Forging
22:54 Scale Mail Armor
26:29 Wheelbarrow
26:05 Scale Barding Armor
26:36 Iron Casting
26:17 Chain Mail Armor
26:36 Cavalier
28:15 Chain Barding Armor
30:47 Pikeman
38:09 Pikeman
54:28 Crop Rotation
54:22 Hand Cart
62:10 Imperial Age
63:08 Two-Man Saw
62:47 Halberdier
66:50 Elite Coustillier
Connection lost

Rejoining the realm…

Still unreachable

The connection could not be restored.

Session expired

The server has moved on; the page needs a fresh start.